Match 45934173
Unlisted

Match 45934173
End
Pioneer Squad
Construct Infanterie Kompanie
Kettenkrad Recon Vehicle
Grenadier Squad
Selects Mechanized Battlegroup
Grenadier Squad
Construct Luftwaffe Kompanie
221 Scout Car
Selects Raid Package
Jäger Squad
Support Elements
Selects StuG Assault Group
StuG Assault Group
Medical Bunker
Jäger Squad
Construct Panzer Kompanie
Wirbelwind Flakpanzer
K̳itsuné
Barbarossa
0
0

Comments sign in to comment!

No comments posted yet!